 Dungeon Crawl Stone Soup version 0.30-a0-757-ga6a79fd877 (webtiles) character file.

Game seed: 10552058305617660656

58 Esekla the Sneak (level 4, 0/31 HPs)
             Began as an Octopode Delver on Feb 9, 2023.
             Succumbed to a scorpion's poison
             ... on level 5 of the Dungeon.
             The game lasted 00:01:14 (38 turns).

Esekla the Sneak (Octopode Delver)                    Turns: 38, Time: 00:01:14

Health: 0/31       AC:  1    Str: 11    XL:     4   Next: 1%
Magic:  1/5        EV: 13    Int: 14    God:
Gold:   0          SH:  0    Dex: 13    Spells: 4/4 levels left

rFire   . . .      SeeInvis .    a - +0 falchion
rCold   . . .      Faith    .    (no shield)
rNeg    . . .      Spirit   .    (helmet restricted)
rPois   .          Reflect  .    (no amulet)
rElec   .          Harm     .    (no ring)
rCorr   .          Rampage  .    (no ring)
Will    .....                    (no ring)
Stlth   ++++                     (no ring)
HPRegen 0.25/turn                (no ring)
MPRegen 0.09/turn                (no ring)
                                 (no ring)
                                 (no ring)

@: lethally poisoned (0 -> -4)
A: almost no armour, amphibious, 8 rings, camouflage 1, gelatinous body 1,
(nimble swimmer 1), tentacles
a: no special abilities


You were on level 5 of the Dungeon.
You visited 1 branch of the dungeon, and saw 1 of its levels.

Inventory:

Hand Weapons
 a - a +0 falchion (weapon)
Wands
 f - a wand of digging (3)
Scrolls
 b - a scroll of fog
 d - a scroll of fear
Potions
 e - a potion of haste


   Skills:
 * Level 3.3 Fighting
 * Level 2.3 Long Blades
 * Level 2.3 Dodging
 + Level 7.4 Stealth
 * Level 0.8 Spellcasting


You had 4 spell levels left.
You didn't know any spells.
Your spell library was empty.

Dungeon Overview and Level Annotations

Branches:
Dungeon (5/15)
 Temple: D:4-7

Altars:
Vehumet


Innate Abilities, Weirdness & Mutations

You cannot wear most types of armour.
You are amphibious.
You can wear up to eight rings at the same time.
Your skin changes colour to match your surroundings (Stealth+).
Your rubbery body absorbs attacks. (AC +1, EV +1)
((You are camouflaged when in or above water. (Stealth+)))
You have tentacles for arms and can constrict up to eight enemies at once.


Message History

A scorpion comes into view.
An orc comes into view. It is wielding a +0 whip.
Found a stone staircase leading up.
You hit the scorpion but do no damage. You grab the scorpion.
You squeeze the scorpion!
The scorpion is moderately wounded.
You constrict the scorpion. The scorpion stings you.
You are poisoned.
The scorpion poisons you!
You hit the scorpion.
The scorpion is severely wounded.
You constrict the scorpion.
You feel very sick. The scorpion barely misses you.
You hit the scorpion.
The scorpion is severely wounded.
You constrict the scorpion.
You feel sick. The scorpion stings you.
You are lethally poisoned!
The scorpion poisons you! The scorpion stings you.
Okay, then.
You slash the scorpion!
You kill the scorpion!
* * * LOW HITPOINT WARNING * * *
You feel very sick.
Your Stealth skill increases to level 7!
You have reached level 2!
You have reached level 3!
Your experience leads to an increase in your attributes!
Increase (S)trength, (I)ntelligence, or (D)exterity?
You feel clever. x2
You have reached level 4!
Found a bronze wand.
* * * LOW HITPOINT WARNING * * *
You feel sick.
* * * LOW HITPOINT WARNING * * *
You feel sick.
Found a stone staircase leading down.
* * * LOW HITPOINT WARNING * * *
You feel sick.
You die...

* ### * #.# * #.# ** ###.#
,********** ########..##
,,,,,,,,.,** ###†.......##
********...######..###.....##
*#.......@### ##.....#####
#.......## #.......... *
*#......## #.......... *
**.....o/* #...#...#.. *
*,...<...* #..###(###. *
*,.......** #...#...#.. ***
*,.......,* #....._.... ,,***
*,.....>.,** #l..#...#..
,,,,***,.......,,*
*,.###.###.


You could see an orc (asleep).

Vanquished Creatures
  A scorpion (D:5)
1 creature vanquished.

Notes
Turn   | Place    | Note
-------+----------+-------------------------------------------
     0 | D:5      | Esekla the Octopode Delver began the quest for the Orb.
     0 | D:5      | Reached XP level 1. HP: 16/16 MP: 1/1
     4 | D:5      | Found a radiant altar of Vehumet.
     5 | D:5      | Noticed an iguana
    16 | D:5      | Noticed a scorpion
    34 | D:5      | Killed a scorpion
    35 | D:5      | Reached skill level 7 in Stealth
    35 | D:5      | Reached XP level 2. HP: 3/21 MP: 1/3
    35 | D:5      | Reached XP level 3. HP: 4/26 MP: 1/4
    35 | D:5      | Reached XP level 4. HP: 5/31 MP: 1/5
    37 | D:5      | HP: 1/31 [poisoned by a scorpion]
    38 | D:5      | Succumbed to a scorpion's poison

Illustrated notes

Levels and vault maps discovered:
D:5:      corexii_shack_village, layout_layer_cave, mainiacjoe_overflow_paths,
          vehumet_crystals, nicolae_alphabet_shops, uniq_eustachio

Skill      XL: |  1 |
---------------+----+-----
Stealth        | 7 |  7.4
Fighting       | |  3.3
Long Blades    | |  2.3
Dodging        | |  2.3
Spellcasting   | |  0.8

Action                     |  1- 3 |  4- 6 || total
---------------------------+-------+-------++-------
  Melee: Falchion          |     4 |       ||     4
         Constrict         |     1 |       ||     1
         Tentacles         |     1 |       ||     1
    Use: Scroll            |     1 |       ||     1
  Dodge: Dodged            |     1 |       ||     1

Table legend: (Time is in decaauts)
 A = Elapsed time spent in this place.
 B = Non-inter-level travel time spent in this place.
 C = Inter-level travel time spent in this place.
 D = Time resting spent in this place.
 E = Time spent auto-exploring this place.
 F = Levels seen in this place.
 G = Mean time per level.
                   A        B        C        D        E       F      G
               +--------+--------+--------+--------+--------+-----+--------+
         Total |     38 |     38 |      0 |      0 |      0 |   1 |   38.0 |
       Dungeon |     38 |     38 |      0 |      0 |      0 |   1 |   38.0 |
               +--------+--------+--------+--------+--------+-----+--------+

Top non-repeatable levels by time:
     D:5: 38 daAuts
